 Dungeon Crawl Stone Soup version bcrawl-1.34.4 (webtiles) character file.

Game seed: 7920068162969412133

462813 KristoblXynda the Covert (level 13, 0/92 HPs)
             Began as a Kobold Gladiator on Oct 22, 2021.
             Was a Believer of Ashenzari.
             Slain by a tengu warrior
             ... wielding a +3 battleaxe of flaming
             ... led by a tengu conjurer
              (4 damage)
             ... on level 12 of the Dungeon.
             The game lasted 00:21:57 (11203 turns).

KristoblXynda the Covert (Kobold Gladiator)        Turns: 11203, Time: 00:21:58

Health: 0/92       AC: 16    Str: 11    XL:     13   Next: 7%
Magic:  16/16      EV: 22    Int: 19    God:    Ashenzari [**....]
Gold:   371        SH:  0    Dex: 16    Spells: 9/12 levels left

rFire    + . .     SeeInvis .   b - +5 dagger (venom) (curse)
rCold    . . .     Gourm    .   (shield restricted)
rNeg     + . .     Faith    .   j - +1 acid dragon scales
rPois    .         Spirit   .   c - +1 helmet
rElec    .         Reflect  .   l - +0 cloak
rCorr    +         Harm     .   (no gloves)
MR       .....                  E - +2 pair of boots "Lisk" {rF+ rN+ Str-4} (curse)
Stlth    +++++.....             x - amulet of regeneration (curse)
HPRegen  0.73/turn              a - +7 ring of intelligence
MPRegen  0.15/turn              I - ring of wizardry

@: no status effects
A: small, talons 1, carnivore, mutation resistance 1, sense surroundings 2
a: Curse Item, Scrying, Renounce Religion


You were on level 12 of the Dungeon.
You worshipped Ashenzari.
Ashenzari was pleased with you.
You were not hungry.

You visited 3 branches of the dungeon, and saw 14 of its levels.
You also visited: Sewer.

You collected 762 gold pieces.
You spent 391 gold pieces at shops.

Inventory:

Hand Weapons
 b - a cursed +5 dagger of venom (weapon)
 K - a +2 dagger of distortion
Missiles
 d - 3 throwing nets (quivered) {=f}
Armour
 c - a +1 helmet (worn)
 j - +1 acid dragon scales (worn)
 l - a +0 cloak (worn)
 E - the cursed +2 pair of boots "Lisk" (worn) {rF+ rN+ Str-4}
   (You bought it in a shop on level 4 of the Dungeon)

   It affects your strength (-4).
   It protects you from fire.
   It protects you from negative energy.
   It has a curse placed upon it.
 L - a +1 scale mail of poison resistance
Jewellery
 a - a +7 ring of intelligence (left hand)
 x - a cursed amulet of regeneration (around neck)
 I - a ring of wizardry (right hand)
Wands
 u - a wand of paralysis (7)
 y - a wand of clouds (2)
 z - a wand of acid (15)
 G - a wand of iceblast (21)
 H - a wand of disintegration (10)
Scrolls
 g - 7 scrolls of teleportation
 h - 2 scrolls of immolation
 i - a scroll of identify
 k - 8 scrolls of remove curse
 m - 3 scrolls of amnesia
 r - 3 scrolls of fog
 w - 3 scrolls of blinking
 A - a scroll of magic mapping
 B - 5 scrolls of fear
Potions
 f - 4 potions of heal wounds
 n - a potion of brilliance {unknown}
 o - 7 potions of haste
 p - 2 potions of invisibility
 q - 2 potions of curing
 s - a potion of lignification {unknown}
 t - 2 potions of flight {unknown}
 v - 3 potions of resistance
 C - 2 potions of magic {unknown}
 D - 2 potions of agility
 F - a potion of cancellation {unknown}
 J - a potion of might {unknown}
Miscellaneous
 M - a box of beasts
Comestibles
 e - 30 rations {!d}


   Skills:
 - Level 10.2 Fighting
 + Level 12.8(16.0) Short Blades
 - Level 3.0 Throwing
 + Level 7.8 Armour
 + Level 11.9 Dodging
 + Level 13.1 Stealth
 + Level 4.4 Evocations


You had 9 spell levels left.
You knew the following spells:

 Your Spells              Type           Power        Failure   Level  Hunger
a - Iskenderun's Mystic   Conj           #.......     32%         3    #####..

Your spell library contained the following spells:

 Spells                   Type           Power        Failure   Level  Hunger
 Magic Dart               Conj           #...         12%         1    None
 Searing Ray              Conj           #.......     17%         2    ####...
 Fulminant Prism          Conj/Hex       #.........   71%         4    ######.
 Irradiate                Conj/Tmut      #.........   96%         5    #######


Dungeon Overview and Level Annotations

Branches:
Dungeon (12/12)            Temple (1/1) D:6            Lair (1/6) D:7
    Orc (0/1) D:10
 Vaults: D:11-12     Depths: D:12

Altars:
Ashenzari
Cheibriados
Dithmenos
Elyvilon
Fedhas
Gozag
Hepliaklqana
Kikubaaqudgha
Lugonu
Makhleb
Nemelex Xobeh
Okawaru
Qazlal
Ru
Sif Muna
Trog
Uskayaw
Vehumet
Wu Jian
Yredelemnul
Zin
The Shining One

Shops:
D:4 [?[([   D:8 =   D:10 :   D:11 %?

Portals:
Trove: D:8 (give +3 storm dragon scales)


Innate Abilities, Weirdness & Mutations

You are small and have problems with some larger weapons.
You have sharp toenails.
You are carnivorous and can eat meat at any time.
You are somewhat resistant to further mutation.
You passively map the area around you.


Message History

You puncture the manticore!
The manticore looks more poisoned.
The manticore is severely wounded.
The manticore misses you. The manticore closely misses you. x2
You barely miss the manticore.
The manticore is severely wounded.
You hit the manticore.
The manticore looks more poisoned.
The manticore is almost dead.
The manticore misses you. The manticore completely misses you.
The manticore misses you.
You hit the manticore.
The manticore looks more poisoned.
The manticore is almost dead.
You kill the manticore!
You hit the tengu warrior.
The tengu warrior is lightly wounded.
The tengu warrior hits you with a +3 battleaxe of flaming!
* * * LOW HITPOINT WARNING * * *
The tengu warrior burns you.
* * * LOW HITPOINT WARNING * * *
The tengu warrior pecks you.
You die...

* * * #.##...... *
...#..... * **,
......... ..........*
*, .........#* *
.........###### , *
#..........##.#### ,
,........@........#
,,*
,......###Q.......# ,
.....○[#...#....### **
,, , ,
!.....†Q...#......##**
.......†...#.......##,
, *,,
......................
,
......$....#<...#.....
, ,
..........##....##....
,, , ..........#.#...#
....


You could see a tengu warrior.

Vanquished Creatures
  A hydra (D:11)
  Fannar (D:12)
  2 centaur warriors (D:11)
  A two-headed ogre (D:11)
  Sonja (D:10)
  4 orc knights (D:10)
  Pikel (D:4)
  An ugly thing (D:11)
  The ghost of yrara the Cleaver, a novice DsFi of Gozag (D:5)
  An orb spider (shapeshifter) (D:8)
  2 manticores (D:12)
  The ghost of Morbidden the Ruffian, a novice VSMo of Vehumet (D:5)
  2 gargoyles
  The ghost of yrara the Cudgeler, a novice DsFi (D:5)
  A centaur skeleton (D:7)
  A tengu conjurer (D:12)
  The ghost of Morbidden the Sneak, an amateur DsAc of Vehumet (D:5)
  A blink frog (shapeshifter) (D:9)
  3 hippogriffs
  A shadow (D:6)
  Sigmund (D:6)
  A vampire (D:10)
  14 yaks
  The ghost of Morbidden the Sneak, an amateur DsAc (D:5)
  Edmund (D:6)
  2 acid dragons
  2 crocodiles (D:7)
  3 soldier ants (D:9)
  A sky beast (D:9)
  A black bear (D:10)
  3 ice beasts
  5 orc warriors
  2 slaves (D:4)
  12 centaurs
  6 ogres
  6 big kobolds
  Blork the orc (D:5)
  8 bullfrogs
  5 scorpions
  A water moccasin skeleton (D:4)
  5 killer bees
  7 howler monkeys
  5 orc priests
  A bullfrog zombie (D:7)
  A quasit (D:7)
  5 crimson imps
  A jelly (D:9)
  4 hounds
  A bullfrog skeleton (D:4)
  4 orc wizards
  An iguana (D:4)
  12 worker ants
  A hound zombie (D:7)
  A hound skeleton (D:7)
  A worker ant zombie (D:7)
  7 gnolls
  A howler monkey skeleton (D:4)
  18 adders
  3 shadow imps
  6 oozes
  An adder skeleton (D:6)
  4 worms
  2 dart slugs (D:3)
  2 leopard geckos
  42 orcs
  6 giant cockroaches
  5 hobgoblins
  6 jackals
  27 kobolds
  2 quokkas
  3 ball pythons
  2 bats (D:1)
  3 frilled lizards
  12 goblins
  A quokka skeleton (D:6)
  6 rats (Sewer)
313 creatures vanquished.

Vanquished Creatures (others)
  An orc wizard (D:11)
1 creature vanquished.

Grand Total: 314 creatures vanquished

Notes
Turn   | Place    | Note
-------+----------+-------------------------------------------
     0 | D:1      | KristoblXynda the Kobold Gladiator began the quest for the
                  | Orb.
     0 | D:1      | Reached XP level 1. HP: 16/16 MP: 1/1
   137 | D:1      | Reached XP level 2. HP: 21/21 MP: 2/2
   921 | D:2      | Reached XP level 3. HP: 26/26 MP: 3/3
  1135 | D:2      | Reached skill level 1 in Stealth
  1355 | D:2      | Found a sparkling altar of Nemelex Xobeh.
  1362 | D:2      | Found a blossoming altar of Fedhas.
  1370 | D:2      | Found an ornate altar of the Wu Jian Council.
  1843 | D:3      | Reached skill level 2 in Stealth
  1843 | D:3      | Reached XP level 4. HP: 32/33 MP: 4/4
  1856 | D:3      | Reached XP level 5. HP: 37/37 MP: 5/5
  1870 | D:3      | Reached skill level 5 in Short Blades
  2234 | D:3      | Reached skill level 3 in Stealth
  2558 | D:4      | Reached XP level 6. HP: 44/44 MP: 6/6
  2649 | D:4      | Reached skill level 5 in Dodging
  2708 | D:4      | Found a corrupted altar of Lugonu.
  2748 | D:4      | Noticed Pikel
  2748 | D:4      | Noticed a slave
  2749 | D:4      | Noticed a slave
  2749 | D:4      | Noticed a slave
  2749 | D:4      | Noticed a slave
  2755 | D:4      | Killed a slave
  2774 | D:4      | Killed Pikel
  2774 | D:4      | Killed a slave
  2775 | D:4      | Reached skill level 5 in Fighting
  2775 | D:4      | Reached skill level 5 in Stealth
  2775 | D:4      | Reached XP level 7. HP: 43/50 MP: 7/7
  2841 | D:4      | Reached XP level 8. HP: 41/56 MP: 8/8
  2902 | D:4      | Found a burning altar of Makhleb.
  2962 | D:4      | Found Heojot's Antique Armour Emporium.
  2970 | D:4      | Found Futep's Antique Armour Shoppe.
  3012 | D:4      | Found Henoatel's Antique Armour Shop.
  3018 | D:4      | Reached skill level 6 in Stealth
  3023 | D:4      | Found Namuf Esy's Magic Scroll Shop.
  3156 | D:4      | Found Qonoe's Antique Weapon Shop.
  3276 | D:5      | Entered Level 5 of the Dungeon
  3573 | D:5      | Found a runed translucent gate.
  3573 | D:5      | Found a runed translucent gate.
  3577 | D:5      | Found a runed translucent gate.
  3579 | D:5      | Noticed Morbidden's ghost (novice VSMo)
  3580 | D:5      | Noticed yrara's ghost (novice DsFi)
  3581 | D:5      | Noticed Morbidden's ghost (amateur DsAc)
  3581 | D:5      | Noticed yrara's ghost (novice DsFi)
  3581 | D:5      | Noticed Morbidden's ghost (amateur DsAc)
  3673 | D:5      | Found a glowing drain.
  3685 | Sewer    | Entered a sewer
  3947 | Sewer    | Reached skill level 7 in Stealth
  3986 | Sewer    | Reached XP level 9. HP: 53/63 MP: 9/9
  4389 | D:5      | Noticed Blork the orc
  4398 | D:5      | Killed Blork the orc
  4878 | D:4      | Bought a pair of polished boots for 247 gold pieces
  4889 | D:4      | Identified the +2 pair of boots "Lisk" {rF+ rN+ Str-4} (You
                  | bought it in a shop on level 4 of the Dungeon)
  4932 | D:5      | Killed yrara's ghost
  4933 | D:5      | Reached skill level 1 in Armour
  4933 | D:5      | Reached skill level 8 in Stealth
  4953 | D:5      | Killed Morbidden's ghost
  4959 | D:5      | Killed Morbidden's ghost
  4963 | D:5      | Killed Morbidden's ghost
  4964 | D:5      | Reached XP level 10. HP: 53/72 MP: 10/10
  5035 | D:6      | Noticed Edmund
  5058 | D:6      | Noticed Sigmund
  5061 | D:6      | Killed Edmund
  5062 | D:6      | Reached skill level 9 in Stealth
  5083 | D:6      | Killed Sigmund
  5171 | D:5      | Killed yrara's ghost
  5512 | D:6      | Found a bloodstained altar of Trog.
  5525 | D:6      | Reached skill level 10 in Short Blades
  5612 | D:6      | Found a staircase to the Ecumenical Temple.
  5686 | D:6      | Found a stormy altar of Qazlal.
  5931 | D:6      | Found the +7 longbow "Piercer" {penet, EV-2}
  6138 | Temple   | Entered the Ecumenical Temple
  6182 | Temple   | Became a worshipper of Ashenzari the Shackled
  6183 | Temple   | Found the cursed amulet of Vision {SInv *Curse}
  6260 | D:7      | Reached skill level 10 in Stealth
  6262 | D:7      | Found a staircase to the Lair.
  6346 | D:6      | Reached XP level 11. HP: 17/78 MP: 11/11
  6676 | D:7      | Learned a level 3 spell: Iskenderun's Mystic Blast
  6757 | D:7      | Reached skill level 5 in Armour
  6943 | D:7      | Reached * piety under Ashenzari
  7082 | Lair:1   | Entered Level 1 of the Lair of Beasts
  7115 | D:8      | Reached skill level 10 in Dodging
  7342 | D:8      | Found a portal to a secret trove of treasure.
  7469 | D:8      | Noticed an orb spider
  7481 | D:8      | Reached skill level 11 in Stealth
  7491 | D:8      | Killed an orb spider
  7513 | D:8      | Found a glowing golden altar of the Shining One.
  7771 | D:8      | Found Bizothaf's Jewellery Emporium.
  8777 | D:10     | Entered Level 10 of the Dungeon
  8840 | D:10     | Reached XP level 12. HP: 87/87 MP: 12/12
  8897 | D:10     | Found a staircase to the Orcish Mines.
  8931 | D:10     | Reached skill level 10 in Fighting
  8947 | D:10     | Reached skill level 12 in Stealth
  9073 | D:10     | Reached ** piety under Ashenzari
  9526 | D:10     | Found Oqeath's Book Emporium.
  9660 | D:10     | Noticed Sonja
  9679 | D:10     | Killed Sonja
  9680 | D:10     | Reached skill level 1 in Evocations
 10126 | D:11     | Noticed a centaur warrior
 10127 | D:11     | Noticed a two-headed ogre
 10158 | D:11     | Killed a two-headed ogre
 10176 | D:11     | Killed a centaur warrior
 10263 | D:11     | Found Pouluz's Magic Scroll Shoppe.
 10276 | D:11     | Noticed a centaur warrior
 10315 | D:11     | Killed a centaur warrior
 10378 | D:11     | Bought a scroll of identify for 32 gold pieces
 10378 | D:11     | Bought a scroll of remove curse for 48 gold pieces
 10378 | D:11     | Bought a scroll of identify for 32 gold pieces
 10378 | D:11     | Bought a scroll of identify for 32 gold pieces
 10494 | D:11     | Noticed a five-headed hydra
 10495 | D:11     | Found Deol's Food Shop.
 10508 | D:11     | Killed a five-headed hydra
 11150 | D:12     | Entered Level 12 of the Dungeon
 11156 | D:12     | Identified the cursed ring of the Fiend {Ice -Tele rN+
                  | Dex+3}
 11156 | D:12     | Noticed Fannar
 11171 | D:12     | Killed Fannar
 11171 | D:12     | Noticed a tengu warrior
 11172 | D:12     | Reached skill level 13 in Stealth
 11172 | D:12     | Reached XP level 13. HP: 83/92 MP: 14/16
 11203 | D:12     | HP: 4/92 [tengu warrior/+3 battleaxe of flaming[a tengu
                  | conjurer] (2)]
 11203 | D:12     | Slain by a tengu warrior

Skill      XL: |  1  2  3  4  5  6  7  8  9 10 11 12 |
---------------+-------------------------------------+-----
Throwing       | 3 |  3.0
Dodging        | 4 6 7 8 9 10 11 | 11.9
Stealth        | 2 3 5 7 8 10 11 13 | 13.1
Fighting       | 4 5 6 7 8 9 10 | 10.2
Short Blades   | 5 6 8 9 10 11 12 | 12.8
Armour         | 2 4 6 7 |  7.8
Evocations     | 4 |  4.4

Action                   |  1- 3 |  4- 6 |  7- 9 | 10-12 | 13-15 || total
-------------------------+-------+-------+-------+-------+-------++-------
Melee: Rapier            |    70 |    18 |       |       |       ||    88
       Kick              |    11 |    40 |    77 |       |       ||   128
       Dagger            |       |    91 |   368 |   970 |    29 ||  1458
Throw: Throwing net      |       |       |       |     3 |       ||     3
Invok: Curse Item        |       |       |       |     3 |       ||     3
Evoke: Wand              |       |       |       |    24 |       ||    24
  Use: Scroll            |     5 |       |     4 |    10 |       ||    19
       Potion            |       |       |     2 |     4 |       ||     6
 Stab: Sleeping          |       |       |     9 |    29 |       ||    38
       Invisible         |       |       |     5 |       |       ||     5
       Paralysed         |       |       |       |     2 |       ||     2
       Distracted        |       |       |       |     1 |       ||     1
       Held in net/web   |       |       |       |     1 |       ||     1
       Confused          |       |       |       |     2 |       ||     2
  Eat: Chunk             |     4 |    13 |     7 |    29 |       ||    53
       Ration            |       |       |       |     1 |       ||     1
Armor: Leather armour    |    10 |       |       |       |       ||    10
       Ring mail         |     1 |    15 |    51 |    51 |       ||   118
       Acid dragon scale |       |       |       |    99 |    17 ||   116
Dodge: Dodged            |    52 |    61 |   180 |   674 |    51 ||  1018
